 Seeded DCSS version 0.27-a0-1188-g73eefd5def (webtiles) character file.

Game seed: 5415555182654889 (custom seed)

471 Shayle the Skirmisher (level 6, -8/51 HPs)
             Began as a Demonspawn Warper on May 20, 2021.
             Killed from afar by Dowan (20 damage)
             ... with a shard of ice
             ... on level 4 of the Dungeon.
             The game lasted 00:09:05 (5052 turns).

Shayle the Skirmisher (Demonspawn Warper)           Turns: 5052, Time: 00:09:06

Health: -8/51      AC: 12    Str: 12    XL:     6   Next: 83%
Magic:  9/9        EV: 10    Int: 14    God:
Gold:   267        SH:  0    Dex: 14    Spells: 9/9 levels left

rFire    . . .     SeeInvis +   a - +1 falchion
rCold    . . .     Faith    .   (no shield)
rNeg     . . .     Spirit   .   p - +0 ring mail
rPois    .         Reflect  .   (helmet unavailable)
rElec    .         Harm     .   n - +0 cloak
rCorr    .         Rampage  .   (no gloves)
Will     .....                  (no boots)
Stlth    +.........             r - amulet of regeneration
HPRegen  1.17/turn              e - +4 ring of protection
MPRegen  0.11/turn              (no ring)

@: unable to read
A: antennae 3, yellow scales 1, foul stench 1, hooves 1, inability to read while
threatened
a: no special abilities


You were on level 4 of the Dungeon.
You visited 1 branch of the dungeon, and saw 4 of its levels.

You collected 267 gold pieces.

Inventory:

Hand Weapons
 a - a +1 falchion (weapon)
 q - a +2 flail of draining
Missiles
 m - 4 atropa-tipped darts (quivered)
Armour
 b - a +1 leather armour
 f - a scarf of invisibility
 n - a +0 cloak (worn)
 p - a +0 ring mail (worn)
Jewellery
 e - a +4 ring of protection (left hand)
 r - an amulet of regeneration (around neck)
Scrolls
 d - 2 scrolls of blinking
 h - a scroll of magic mapping
 k - 2 scrolls of enchant weapon
 l - 2 scrolls of teleportation
 s - a scroll of fog {unknown}
 t - a scroll of identify
Potions
 c - a potion of berserk rage
 g - a potion of haste
 i - a potion of curing
 j - 2 potions of attraction
 o - a potion of flight {unknown}


   Skills:
 + Level 5.4 Fighting
 + Level 4.9 Long Blades
 - Level 0.8 Throwing
 - Level 0.8 Armour
 - Level 1.7 Dodging
 - Level 2.0 Spellcasting
 - Level 2.6 Translocations


You had 9 spell levels left.
You didn't know any spells.
Your spell library contained the following spells:

 Spells                   Type           Power      Damage    Failure   Level
 Blink                    Tloc           N/A        N/A       26%         2
 Gell's Gravitas          Tloc           4%         N/A       47%         3
 Lesser Beckoning         Tloc           4%         N/A       47%         3
 Teleport Other           Tloc           8%         N/A       47%         3
 Confusing Touch          Hex            1%         N/A       85%         3
 Petrify                  Tmut/Erth      1%         N/A       99%         4
 Manifold Assault         Tloc           8%         N/A       99%         5
 Metabolic Englaciation   Hex/Ice        0%         N/A       100%        5
 Yara's Violent Unravell  Hex/Tmut       0%         3d3       100%        5


Dungeon Overview and Level Annotations

Branches:
Dungeon (4/15)
 Temple: D:4-7

Altars:
Dithmenos
Gozag

Annotations:
D:4 Dowan


Innate Abilities, Weirdness & Mutations

You have a pair of large antennae on your head. (SInv)
You are partially covered in yellow scales. (AC +2)
You may rarely emit foul miasma when damaged in melee.
You have large cloven feet.
You sometimes lose the ability to read scrolls when taking damage.


Message History

Duvessa hits you with a +0 rapier.
You feel threatened and lose the ability to read scrolls!
Dowan says, "My weaknesses are her strengths!"
You hit Duvessa but do no damage. Your kick misses Duvessa.
Duvessa is almost dead.
Duvessa closely misses you.
You riposte.
You hit Duvessa.
You kill Duvessa!
Dowan screams, "No!
No!"
Dowan seems to find hidden reserves of power!
Dowan gestures wildly while chanting.
Dowan blinks!
Dowan casts a spell at you. The shard of ice hits you!
* * * LOW HITPOINT WARNING * * *
Things that are here:
a +0 rapier; a +0 leather armour; 8 gold pieces Unknown command.
You miss Dowan.
Dowan is moderately wounded.
Dowan barely misses you.
Unknown command.
You hit Dowan. Your kick misses Dowan.
Dowan is heavily wounded.
Dowan hits you but does no damage. Dowan hits you with a +0 dagger.
* * * LOW HITPOINT WARNING * * *
Unknown command.
You feel better. Dowan gestures at you while chanting.
The stone arrow hits you.
* * * LOW HITPOINT WARNING * * *
You slash Dowan! Your kick misses Dowan.
Dowan is almost dead.
Dowan barely misses you.
You riposte.
You closely miss Dowan.
Dowan is almost dead.
Dowan hits you but does no damage.
You hit Dowan but do no damage.
Dowan is almost dead.
Dowan casts a spell at you. The shard of ice hits you!!
You die...

#.# {≈......## #.#
#####..#.#...
####.###........#.##
#.....†.......#.....
#.##.####.....#.....
##.##.#........#.....
#...e.#.#......#.....
#..####.#......#.....
#...@e<........#.....
#...###.#.<..........
##....e...#.####.....
#...#.##.#.# #.....
#..........####.....
.....#...............
#####.#.............##
#.##....#####...##
#.###..## #...##


You could see Dowan (fast).

Vanquished Creatures
  Duvessa (D:4)
  A scorpion (D:4)
  A howler monkey (D:4)
  2 hounds (D:4)
  An iguana (D:2)
  Jessica (D:3)
  2 orc wizards
  3 adders
  4 worms
  2 dart slugs
  7 orcs
  7 ball pythons
  2 bats
  6 endoplasms
  A giant cockroach (D:1)
  4 hobgoblins
  10 kobolds
  3 quokkas
  3 frilled lizards
  6 goblins
  7 rats
74 creatures vanquished.

Notes
Turn   | Place    | Note
-------+----------+-------------------------------------------
     0 | D:1      | Shayle the Demonspawn Warper began the quest for the Orb.
     0 | D:1      | Reached XP level 1. HP: 16/16 MP: 3/3
   353 | D:1      | Gained mutation: You may rarely emit foul miasma when
                  | damaged in melee. [demonic ancestry]
   353 | D:1      | Reached XP level 2. HP: 22/23 MP: 5/5
  1282 | D:1      | Reached skill level 3 in Fighting
  1282 | D:1      | Gained mutation: You have a pair of small antennae on your
                  | head. [demonic ancestry]
  1282 | D:1      | Reached XP level 3. HP: 21/29 MP: 6/6
  1465 | D:2      | Found a faded altar of an unknown god.
  1857 | D:2      | Gained mutation: You have a pair of antennae on your head.
                  | [demonic ancestry]
  1857 | D:2      | Reached XP level 4. HP: 19/35 MP: 7/7
  2874 | D:3      | Noticed Jessica
  2893 | D:3      | Killed Jessica
  2894 | D:3      | Gained mutation: You are partially covered in yellow
                  | scales. (AC +2) [demonic ancestry]
  2894 | D:3      | Reached XP level 5. HP: 18/42 MP: 8/8
  3126 | D:3      | Reached skill level 4 in Fighting
  3152 | D:3      | Gained mutation: You have a pair of large antennae on your
                  | head. (SInv) [potion of mutation]
  3152 | D:3      | Gained mutation: You sometimes lose the ability to read
                  | scrolls when taking damage. [potion of mutation]
  3152 | D:3      | Gained mutation: You have large cloven feet. [potion of
                  | mutation]
  3159 | D:3      | HP: 1/42 [worm (8)]
  3536 | D:3      | Found a shadowy altar of Dithmenos.
  3614 | D:3      | Found an opulent altar of Gozag.
  4474 | D:4      | Reached XP level 6. HP: 40/49 MP: 9/9
  4955 | D:4      | Noticed Dowan
  5006 | D:4      | Reached skill level 5 in Fighting
  5010 | D:4      | Noticed Duvessa
  5045 | D:4      | Killed Duvessa
  5052 | D:4      | Killed from afar by Dowan

Illustrated notes

Levels and vault maps discovered:
D:1:      dpeg_arrival_court, layout_loops_cross, minmay_misc_feat_plants,
          minmay_misc_feat_x, dk_noncrumbling_3, minmay_small_reverse_x
D:2:      layout_basic, hellmonk_ecumenical_altar_crossroads, minmay_hedge_maze,
          minmay_fractal_squares_gapless_5
D:3:      layout_loops_corners, amcnicky_altar_gilded,
          nicolae_overflow_crystal_walls, uniq_jessica
D:4:      layout_basic, kennysheep_okawaru_gauntlet, grunt_ministairs_6,
          uniq_duvessa

Skill      XL: |  1  2  3  4  5  6 |
---------------+-------------------+-----
Long Blades    | 2 3 4 |  4.9
Fighting       | 3 4 5 |  5.4
Throwing       | |  0.8
Armour         | |  0.8
Dodging        | |  1.7
Spellcasting   | |  2.0
Translocations | |  2.6

Action                   |  1- 3 |  4- 6 || total
-------------------------+-------+-------++-------
Melee: Falchion          |   112 |   177 ||   289
       Kick              |       |    33 ||    33
Throw: Boomerang         |       |     5 ||     5
  Use: Potion            |     3 |     2 ||     5
       Scroll            |       |     7 ||     7
 Stab: Sleeping          |       |     1 ||     1
Armor: Leather armour    |    30 |    37 ||    67
       Ring mail         |       |    27 ||    27
Dodge: Dodged            |    66 |    87 ||   153
       Rpst.: Falchion   |    19 |    24 ||    43

Table legend: (Time is in decaauts)
 A = Elapsed time spent in this place.
 B = Non-inter-level travel time spent in this place.
 C = Inter-level travel time spent in this place.
 D = Time resting spent in this place.
 E = Time spent auto-exploring this place.
 F = Levels seen in this place.
 G = Mean time per level.
                   A        B        C        D        E       F      G
               +--------+--------+--------+--------+--------+-----+--------+
         Total |   5091 |   5055 |     36 |   1008 |   3007 |   4 | 1272.8 |
       Dungeon |   5091 |   5055 |     36 |   1008 |   3007 |   4 | 1272.8 |
               +--------+--------+--------+--------+--------+-----+--------+

Top non-repeatable levels by time:
     D:3: 1746 daAuts
     D:2: 1396 daAuts
     D:1: 1351 daAuts
     D:4: 597 daAuts
